 Dungeon Crawl Stone Soup version 0.30.1-11-g7821555f0a (webtiles) character file.

Game seed: 10589079165559795450

124 Martska the Magician (level 5, -1/40 HPs)
             Began as a Djinni Fire Elementalist on Dec 1, 2023.
             Killed from afar by an orc wizard (7 damage)
             ... with a magic dart
             ... on level 4 of the Dungeon.
             The game lasted 00:09:15 (2603 turns).

Martska the Magician (Djinni Fire Elementalist)     Turns: 2603, Time: 00:09:16

Health: -1/40      AC:  3    Str: 15    XL:     5   Next: 30%
Gold:   103        EV: 12    Int: 17    God:
                   SH:  0    Dex: 13

rFire   + + .        d - +0 whip
rCold   x . .        (no shield)
rNeg    . . .        a - +0 robe
rPois   ∞            (no helmet)
rElec   .            g - +0 cloak
rCorr   .            (no gloves)
SInv    .            (boots unavailable)
Will    .....        (no amulet)
Stlth   ++           e - ring of poison resistance
HPRegen 0.26/turn    j - +6 ring of strength
MPRegen 0.00/turn

%: infuse magic (-2 HP)
@: flying
A: sickness immunity, fire resistance 2, cold vulnerability 1, float, innate
caster, HP casting, extra vitality 1
a: no special abilities


You were on level 4 of the Dungeon.
You visited 1 branch of the dungeon, and saw 4 of its levels.

You collected 103 gold pieces.

Inventory:

Hand Weapons
 d - a +0 whip (weapon)
 f - a +0 spear
Armour
 a - a +0 robe (worn)
 g - a +0 cloak (worn)
Jewellery
 e - a ring of poison resistance (left hand)
 j - a +6 ring of strength (right hand)
Scrolls
 b - 2 scrolls of teleportation {unknown}
 h - 4 scrolls of identify {unknown}
 i - 2 scrolls of blinking {unknown}
 k - 3 scrolls of amnesia {unknown}
 l - a scroll of noise {unknown}
 p - 2 scrolls of fear {unknown}
 q - 3 scrolls of fog {unknown}
 t - a scroll of butterflies {unknown}
Potions
 m - a potion of heal wounds {unknown}
 n - a potion of resistance {unknown}
 o - a potion of mutation {unknown}
 r - a potion of flight {unknown}
 s - a potion of berserk rage {unknown}


   Skills:
 * Level 3.1 Fighting
 - Level 2.1 Dodging
 - Level 1.5 Stealth
 * Level 3.5 Spellcasting


You knew the following spells:

 Your Spells              Type           Power      Damage    Failure   Level
a - Foxfire               Conj/Fire      56%        2x1d6     4%          1
b - Scorch                Fire           28%        2d6       6%          2
c - Volatile Blastmotes   Fire/Tloc      28%        2d12      12%         3
d - Inner Flame           Hex/Fire       14%        N/A       12%         3
e - Flame Wave            Conj/Fire      14%        2d6       36%         4
f - Beastly Appendage     Tmut           28%        N/A       4%          1
g - Wereblood             Tmut           14%        N/A       6%          2
Your spell library was empty.

Dungeon Overview and Level Annotations

Branches:
Dungeon (4/15)
 Temple: D:4-7

Altars:

Shops:
D:3 [


Innate Abilities, Weirdness & Mutations

You are immune to sickness and miasma.
You are immune to poison.
Your flesh is very heat resistant. (rF++)
You are vulnerable to cold. (rC-)
You float through the air rather than walking.
You learn spells naturally, not from books.
Your magical power is your life essence.
You have superior vitality. (+4 MHP)


Message History

Something hits you.
* * * LOW HITPOINT WARNING * * *
Things that are here:
a +0 club; a +0 leather armour; an orc corpse Something hits you.
* * * LOW HITPOINT WARNING * * *
You hit something. Something hits you but does no damage.
You closely miss something.
You hear some strange, mumbled words.
A puff of flame appears from out of thin air!
The puff of flame hits you. You resist.
* * * LOW HITPOINT WARNING * * *
Something hits you.
* * * LOW HITPOINT WARNING * * *
You feel better. Something barely misses you.
You feel better.
You hear some strange, mumbled words.
You are confused.
You feel stronger.
j - a +6 ring of strength (right hand)
You closely miss something. Something hits you.
Something hits you but does no damage. Something hits you.
A magic dart appears from out of thin air!
The magic dart hits you!
* * * LOW HITPOINT WARNING * * *
Something hits you.
* * * LOW HITPOINT WARNING * * *
You bump into the rock wall.
Something barely misses you.
You're too confused to move!
Something hits you.
* * * LOW HITPOINT WARNING * * *
You hit something but do no damage.
You feel less confused. Something hits you.
* * * LOW HITPOINT WARNING * * *
Something hits you.
* * * LOW HITPOINT WARNING * * *
A magic dart appears from out of thin air!
The magic dart hits you!
You die...

#P.P# #8.8#
#P.P# #♣.♣#
#P.P# #♣.♣#
#P.P# ######♣.♣#
#....##@#
##.#....##.#
#........{.###.#
.(.....))......#
#..(.......#####
##.#.......#
..........#
#.######### #


There were no monsters in sight!

Vanquished Creatures
  Jessica (D:3)
  An orc wizard (D:4)
  An adder (D:3)
  A worm (D:2)
  2 dart slugs (D:3)
  An orc (D:4)
  5 endoplasms
  3 giant cockroaches
  6 goblins
  5 hobgoblins
  3 jackals (D:1)
  4 kobolds
  2 quokkas
  5 ball pythons
  4 bats
  5 frilled lizards
  7 rats
56 creatures vanquished.

Vanquished Creatures (others)
  17 foxfires
17 creatures vanquished.

Grand Total: 73 creatures vanquished

Notes
Turn   | Place    | Note
-------+----------+-------------------------------------------
     0 | D:1      | Martska the Djinni Fire Elementalist began the quest for
                  | the Orb.
     0 | D:1      | Martska set off with the following spells memorised:
                  | Foxfire, Scorch, Volatile Blastmotes, Inner Flame, Flame
                  | Wave.
     0 | D:1      | Reached XP level 1. HP: 15/15 MP: 0/0
   339 | D:1      | Reached XP level 2. HP: 21/22 MP: 0/0
   344 | D:1      | Reached skill level 1 in Fighting
   711 | D:2      | Reached XP level 3. HP: 20/27 MP: 0/0
   711 | D:2      | Learned a level 1 spell: Beastly Appendage
  1674 | D:3      | Noticed Jessica
  1681 | D:3      | Killed Jessica
  1682 | D:3      | Reached XP level 4. HP: 28/34 MP: 0/0
  1809 | D:3      | Found Bireq's Armour Shoppe.
  2313 | D:3      | Reached XP level 5. HP: 37/40 MP: 0/0
  2313 | D:3      | Learned a level 2 spell: Wereblood
  2603 | D:4      | Killed from afar by an orc wizard

Illustrated notes

Levels and vault maps discovered:
D:1:      sevenhm_arrival_forest_fort_small_4, layout_basic
D:2:      layout_loops_ring, kennysheep_minor_cross, minmay_misc_feat_alley,
          minmay_hedge_maze, minmay_liquid_box
D:3:      wad_pebble_path, layout_basic, serial_shops, nicolae_diamond_shop,
          eino_tiny_chamber, uniq_jessica
D:4:      layout_loops_corners, nicolae_ru_path_of_blood,
          pdpol_wu_jian_five_deadly_venoms, nicolae_overflow_crystal_walls,
          hangedman_glass_teeth, dreamdust_princess_corridor, nrook_uturn

Skill      XL: |  1  2  3  4  5 |
---------------+----------------+-----
Fighting       | 1 2 3 |  3.1
Spellcasting   | 3 |  3.5
Dodging        | |  2.1
Stealth        | |  1.5

Action                     |  1- 3 |  4- 6 || total
---------------------------+-------+-------++-------
  Melee: Spear             |    55 |       ||    55
         Unarmed           |     5 |       ||     5
         Whip              |    53 |    26 ||    79
         Punch             |     1 |       ||     1
   Cast: Foxfire           |    12 |       ||    12
         Scorch            |    21 |    24 ||    45
         Wereblood         |       |     2 ||     2
    Use: Potion            |       |     3 ||     3
   Stab: Sleeping          |     3 |     1 ||     4
 Armour: Robe              |    14 |    13 ||    27
  Dodge: Dodged            |    49 |    26 ||    75
